AoeStats
← ShallotForBrains

Nomad

509444025Analyzed
4v4 RM · 6d ago on Sep 26, 2026· 34m 14s· 8 players
Game mode
Random Map
Map size
231×231
Population
200
Speed
Normal
Resources
Standard
Victory
Conquest
Starting age
Dark Age
Ending age
Imperial Age
RankedLock teamsTeams togetherTeam positionsShared explorationLock speedFull tech treeHidden civsTurbo modeCheats
Victory
Defeat
🇺🇸 Spanish · United States
1187
+12
🇺🇸 Persians · United States
1117
+15
🇺🇸 Vietnamese · United States
1081
+16
🇺🇸 Turks · United States
965
+20
🇪🇸 Chinese · Spain
1115
-17
🇪🇸 Varangians · Spain
1113
-17
🇹🇷 Bengalis · Türkiye
1060
-15
🇲🇽 Ethiopians · Mexico
1045
-14
alancazu
3:37 Loom
14:53 Feudal Age
22:07 Castle Age
21:13 Stone Mining
21:39 Double-Bit Axe
23:03 Crossbowman
27:38 Gold Mining
28:15 Bow Saw
Clark_Kent__
3:12 Loom
14:24 Feudal Age
15:00 Double-Bit Axe
21:39 Castle Age
20:01 Padded Archer Armor
21:27 Fletching
23:16 Bow Saw
24:14 Medium Warships
25:42 Gold Mining
30:11 Leather Archer Armor
31:44 Bodkin Arrow
Bittersweet_Ww
14:52 Feudal Age
15:22 Double-Bit Axe
16:34 Horse Collar
17:43 Loom
25:01 Castle Age
26:03 Bow Saw
27:13 Wheelbarrow
26:41 Heavy Plow
28:18 Elite Skirmisher
30:48 Fletching
30:59 Padded Archer Armor
QUEVEDO
11:50 Loom
18:01 Feudal Age
24:02 Double-Bit Axe
26:01 Fletching
doctorphysics
8:36 Loom
14:10 Feudal Age
18:42 Castle Age
18:14 Padded Archer Armor
19:47 Wheelbarrow
19:13 Fletching
19:14 Stone Mining
20:56 Leather Archer Armor
20:24 Horse Collar
27:00 Bloodlines
28:51 Husbandry
Pollito123
18:45 Feudal Age
35:51 Castle Age
34:57 Scale Barding Armor
34:53 Scale Mail Armor
FlyingDP
10:24 Loom
12:47 Feudal Age
15:45 Double-Bit Axe
18:42 Castle Age
18:28 Bloodlines
19:43 Scale Barding Armor
27:07 Chain Barding Armor
28:20 Forging
ShallotForBrains
13:32 Feudal Age
14:20 Loom
18:49 Castle Age
17:44 Scale Barding Armor
17:59 Double-Bit Axe
17:58 Horse Collar
19:39 Fishing Lines
22:44 Bow Saw
24:21 Crossbowman
24:58 Fishing Lines
27:34 Fletching
28:35 Wheelbarrow
28:23 Medium Warships
33:45 Bodkin Arrow
34:14 Town Watch
Connection lost

Rejoining the realm…

Still unreachable

The connection could not be restored.

Session expired

The server has moved on; the page needs a fresh start.